 Dungeon Crawl Stone Soup version 0.17-a0-1176-g3d5a0d0 (webtiles) character file.

4783 Hanyuu the Martial Artist (level 10, 0/65 HPs)
             Began as an Octopode Transmuter on May 30, 2015.
             Hit by a large rock thrown by a cyclops (29 damage)
             ... on level 9 of the Dungeon on May 31, 2015.
             The game lasted 00:52:31 (14698 turns).

Hanyuu the Martial Artist (Octopode Transmuter)    Turns: 14698, Time: 00:52:32

Health: 0/65       AC:  2    Str:  9    XL:     10   Next: 47%
Magic:  22/25      EV: 22    Int: 24    God:
Gold:   214        SH:  0    Dex: 17    Spells: 4 memorised, 7 levels left

rFire  + . .     SeeInvis .       - Unarmed
rCold  + . .     Clarity  .     (shield currently unavailable)
rNeg   + . .     SustAt   .     (helmet currently unavailable)
rPois  x         Gourm    +     p - amulet of the gourmand
rElec  .         Spirit   .     f - ring of positive energy
rCorr  .         Warding  .     h - ring of protection from fire
rMut   .         Stasis   .     k - ring of magical power
MR     .....                    v - +4 ring of intelligence
Stlth  ++........               (no ring)
                                R - ring of protection from cold
                                (no ring)
                                (no ring)

@: spider-form, not resistant to hostile enchantments, unstealthy
A: almost no armour, amphibious, 8 rings, (constrict 8), (camouflage 0),
(gelatinous body 0)
a: End Transformation


You were on level 9 of the Dungeon.
You were completely stuffed.
You were a venomous arachnid creature.
You visited 2 branches of the dungeon, and saw 10 of its levels.

You collected 461 gold pieces.
You spent 247 gold pieces at shops.

Inventory:

Hand weapons
 b - a +0 blowgun (melded)
Missiles
 c - 54 arrows
 s - 8 tomahawks (quivered)
 y - 4 tomahawks of returning
 C - 3 poisoned javelins
 H - 47 poisoned needles
 K - 2 throwing nets
Magical staves
 O - an uncursed staff of cold
Jewellery
 f - a ring of positive energy (left front leg)
 h - a ring of protection from fire (right front leg)
 k - a ring of magical power (on tentacle)
 p - an amulet of the gourmand (around neck)
 v - a +4 ring of intelligence (on tentacle)
 D - the ring "Umneilulo" {Ice +Fly rPois Str-2 Int-2}
   (You found it on level 4 of the Dungeon)

   [ring of ice]

   It enhances your ice magic, and weakens your fire magic.
   It affects your strength (-2).
   It affects your intelligence (-2).
   It makes you vulnerable to fire.
   It protects you from cold.
   It protects you from poison.
   It lets you fly.
 R - a ring of protection from cold (on tentacle)
Magical devices
 w - a wand of confusion (19)
 x - a wand of paralysis (14)
 G - a wand of fireball (9)
 M - a wand of draining (3)
 N - a wand of fire (11)
 P - a wand of polymorph (16)
 Q - a wand of draining (5)
 T - a wand of cold (4)
Scrolls
 e - a scroll of fog
 l - a scroll of enchant weapon {unknown}
 r - 3 scrolls of immolation
 t - 2 scrolls of amnesia {unknown}
 u - 2 scrolls of blinking
 I - 5 scrolls of teleportation
 J - 2 scrolls of magic mapping
 L - 2 scrolls of random uselessness
Potions
 i - 2 potions of curing
 m - 2 potions of lignification
 o - 5 potions of brilliance
 A - a potion of flight
 B - 2 potions of mutation
 F - 2 potions of magic
 S - 2 potions of heal wounds
Books
 g - a Necronomicon {highlevel, unknown}

   This book is beyond your current level of understanding.

   Spells                             Type                      Level
   a - Haunt                          Necromancy/Summoning         7
   b - Borgnjor's Revivification      Necromancy                   8
   c - Death's Door                   Charms/Necromancy            8
   d - Necromutation                  Transmutation/Necromancy     8
 j - a book of Necromancy

   Spells                             Type                      Level
   a - Pain                           Necromancy                   1
   b - Animate Skeleton               Necromancy                   1
   c - Vampiric Draining              Necromancy                   3
   d - Regeneration                   Charms/Necromancy            3
   e - Animate Dead                   Necromancy                   4
   f - Control Undead                 Necromancy                   4
 n - a book of Changes

   Spells                             Type                      Level
   a - Beastly Appendage              Transmutation                1
   b - Sticks to Snakes               Transmutation                2
   c - Spider Form                    Transmutation/Poison         3
   d - Ice Form                       Ice/Transmutation            4
   e - Blade Hands                    Transmutation                5
Comestibles
 a - 9 bread rations
 d - 3 slices of pizza
 q - 6 beef jerkies
 z - 2 royal jellies
 E - 7 fruits


   Skills:
 + Level 4.9 Fighting
 - Level 1.0 Throwing
 - Level 4.0 Dodging
 * Level 11.8 Unarmed Combat
 - Level 4.0 Spellcasting
 + Level 6.4 Transmutations
 - Level 1.0 Poison Magic


You had 7 spell levels left.
You knew the following spells:

 Your Spells              Type           Power        Failure   Level  Hunger
a - Beastly Appendage     Trmt           #####.       4%          1    None
b - Sticks to Snakes      Trmt           #####.....   6%          2    #......
c - Spider Form           Trmt/Pois      ###.......   24%         3    ##.....
d - Ice Form              Ice/Trmt       ###.....     50%         4    ####...


Dungeon Overview and Level Annotations

Branches:
Dungeon (9/15)             Temple (1/1) D:4            Lair (0/8) D:8
    Orc: D:9-12

Altars:
Ashenzari
Cheibriados
Dithmenos
Elyvilon
Fedhas
Gozag
Kikubaaqudgha
Makhleb
Nemelex Xobeh
Okawaru
Qazlal
Ru
Sif Muna
Trog
Vehumet
Xom
Yredelemnul
Zin
The Shining One

Shops:
D:4 ?%=[(   D:6 *%

Annotations:
D:5 1 exclusion


Innate Abilities, Weirdness & Mutations

You cannot wear most types of armour.
You are amphibious.
You can wear up to eight rings at the same time.
((You can use your tentacles to constrict eight enemies at once.))
((Your skin changes colour to match your surroundings (Stealth).))
((Your rubbery body absorbs attacks (AC +1).))


Message History

H - 48 poisoned needles (gained 1) All of the chunks of flesh in your inventory have rotted away.
There is an open door here.
There is an open door here.
b - a +0 blowgun (weapon)
Firing (i - inventory. (,) - cycle):
H - 48 poisoned needles (quivered)
Press: ? - help, Shift-Dir - straight line, f - cyclops
Aim: a cyclops (hasn't noticed you)
You shoot a poisoned needle.
The poisoned needle completely misses the cyclops.
The cyclops shouts!
The cyclops throws a large rock.
The large rock hits you!!
Casting: Spider Form
Confirm with . or Enter, or press ? or * to list all spells.
You turn into a venomous arachnid creature.
Your +0 blowgun melds into your body.
The cyclops throws a large rock.
The large rock closely misses you.
You see here a large rock.
The cyclops throws a large rock.
The large rock hits you!!
You die...

##...>.................#
#......................
#...###########........
#...#.........#........
#...#.........#..#####.
######...#.........#..#
#........#.........#..#
#........#'#########..#
#.............s((.....#
#######..###..........#
#..#.#..........#
##..#.#########..#
#...#.........#.C#
#...#.(.......#..## .
#...'.........#...# .
#...#.........#...# #.
#...'..########..##
#####.


You could see a cyclops.

Vanquished Creatures
  Pikel (D:9)
  Joseph (D:9)
  3 trolls
  Sigmund (D:6)
  A wolf (D:8)
  An orc warrior (D:7)
  A water moccasin (D:8)
  2 slaves (D:9)
  A black bear (D:9)
  A necrophage (D:9)
  3 centaurs
  4 ogres
  3 giant frogs
  Blork the orc (D:6)
  A water moccasin skeleton (D:7)
  4 scorpions
  9 wights
  3 electric eels (D:8)
  2 wasp zombies
  2 jellies (D:5)
  2 quasits
  A centaur zombie (D:7)
  11 hounds
  A giant frog zombie (D:9)
  3 orc priests
  4 worker ants
  4 iguanas
  Terence (D:2)
  3 orc wizards
  A worker ant zombie (D:9)
  5 gnolls
  7 adders
  2 shadow imps
  2 oozes
  3 worms
  2 giant geckos
  33 orcs
  3 ball pythons
  20 bats
  A bat skeleton (D:5)
  11 giant cockroaches
  11 hobgoblins
  14 kobolds
  A ball python skeleton (D:4)
  A giant gecko zombie (D:5)
  4 giant newts
  10 goblins
  17 jackals
  2 jackal skeletons
  11 rats
236 creatures vanquished.

Vanquished Creatures (others)
  2 slaves (D:9)
2 creatures vanquished.

Grand Total: 238 creatures vanquished

Notes
Turn   | Place    | Note
--------------------------------------------------------------
     0 | D:1      | Hanyuu the Octopode Transmuter began the quest for the Orb.
     0 | D:1      | Reached XP level 1. HP: 13/13 MP: 3/3
   459 | D:1      | Reached XP level 2. HP: 18/18 MP: 5/5
   890 | D:2      | Reached skill level 4 in Unarmed Combat
  1112 | D:2      | Reached XP level 3. HP: 23/23 MP: 4/6
  1141 | D:2      | Learned a level 2 spell: Sticks to Snakes
  1145 | D:2      | Learned a level 3 spell: Spider Form
  1822 | D:2      | Reached skill level 1 in Poison Magic
  1912 | D:2      | Reached XP level 4. HP: 28/28 MP: 7/7
  2598 | D:3      | Noticed Terence
  2611 | D:2      | Killed Terence
  2627 | D:3      | Reached skill level 5 in Unarmed Combat
  3178 | D:3      | Reached XP level 5. HP: 24/34 MP: 8/8
  3482 | D:3      | Found a basalt altar of Yredelemnul.
  4435 | D:4      | Found Vusch's Weapon Shoppe.
  4557 | D:4      | Found Zemeposh's Armour Shoppe.
  4588 | D:4      | Found Wavel's Food Emporium.
  4650 | D:4      | Found Vivafeyk's Jewellery Boutique.
  4656 | D:4      | Reached XP level 6. HP: 34/39 MP: 9/9
  4769 | D:4      | Got a coiled lead ring
  4770 | D:4      | Identified the ring "Umneilulo" {Ice +Fly rPois Str-2 Int-2} (You found it on level 4 of the Dungeon)
  4779 | D:4      | Found a staircase to the Ecumenical Temple.
  4785 | Temple   | Entered the Ecumenical Temple
  4934 | D:4      | Found an iron altar of Okawaru.
  5068 | D:4      | Found a burning altar of Makhleb.
  5070 | D:4      | Noticed a cacodemon
  5074 | D:4      | Noticed an orange demon
  5074 | D:4      | Noticed a neqoxec
  5118 | D:4      | Found Voplukhlo's Magic Scroll Boutique.
  5126 | D:4      | Bought a scroll of identify for 22 gold pieces
  5136 | D:4      | Bought a scroll of identify for 22 gold pieces
  5136 | D:4      | Bought a scroll of teleportation for 33 gold pieces
  5136 | D:4      | Bought a scroll of magic mapping for 38 gold pieces
  5136 | D:4      | Bought a scroll of identify for 22 gold pieces
  5504 | D:4      | Found a sparkling altar of Nemelex Xobeh.
  5960 | D:5      | Entered Level 5 of the Dungeon
  5967 | D:5      | Reached skill level 6 in Unarmed Combat
  6211 | D:5      | Found a snail-covered altar of Cheibriados.
  6217 | D:5      | Found a white marble altar of Elyvilon.
  6220 | D:5      | Found a glowing silver altar of Zin.
  6224 | D:5      | Found a glowing golden altar of the Shining One.
  6336 | D:5      | Reached XP level 7. HP: 24/45 MP: 4/10
  6965 | D:5      | Found an ancient bone altar of Kikubaaqudgha.
  7239 | D:6      | Found a shadowy altar of Dithmenos.
  7325 | D:6      | Found Jamul's Assorted Antiques.
  7333 | D:6      | Bought an onyx ring for 110 gold pieces
  7343 | D:6      | Noticed Sigmund
  7351 | D:6      | Killed Sigmund
  7351 | D:6      | Reached skill level 7 in Unarmed Combat
  7512 | D:6      | Noticed Blork the orc
  7525 | D:6      | Killed Blork the orc
  7728 | D:6      | Reached XP level 8. HP: 41/50 MP: 11/11
  7799 | D:6      | Learned a level 4 spell: Ice Form
  7852 | D:6      | Found Giajenua's Food Emporium.
  8211 | D:6      | Reached skill level 1 in Throwing
  8211 | D:6      | Reached skill level 8 in Unarmed Combat
  8597 | D:7      | Found a deep blue altar of Sif Muna.
  8777 | D:7      | Reached skill level 5 in Transmutations
  8848 | D:7      | HP: 1/51 [orc/hand axe of electrocution (3)]
  9170 | D:7      | Found an opulent altar of Gozag.
  9189 | D:7      | Reached skill level 9 in Unarmed Combat
  9324 | D:7      | Found a bloodstained altar of Trog.
  9375 | D:7      | Found a blossoming altar of Fedhas.
  9571 | D:8      | Found a staircase to the Lair.
  9577 | D:8      | Reached XP level 9. HP: 56/56 MP: 12/12
  9581 | D:8      | Noticed a troll
 10785 | D:8      | Reached skill level 10 in Unarmed Combat
 11082 | D:8      | Killed a troll
 11946 | D:8      | Found a shimmering altar of Xom.
 12917 | D:8      | Reached skill level 11 in Unarmed Combat
 12927 | D:8      | Reached XP level 10. HP: 57/63 MP: 16/16
 13481 | D:9      | Noticed Pikel
 13518 | D:9      | Killed Pikel
 13647 | D:9      | Noticed Joseph
 13773 | D:9      | Killed Joseph
 14168 | D:9      | Noticed a cyclops
 14698 | D:9      | Hit by a large rock thrown by a cyclops

Vault maps used:
D:1:      dpeg_arrival_rooms_a, minivault_25, glass_columns_c,
          due_unseen_surprise
D:2:      minmay_misc_feat_x
D:3:      lemuel_coloured_pillars_altar, uniq_terence
D:4:      okawaru_trees_1, makhleb_altar_promises_db,
          minmay_temple_entry_nine_rooms, serial_shops, nicolae_shop_waterfront,
          shop, shop, nicolae_shop_trees, shop, grunt_decor_resistance,
          hex_large, nemelex_lonely_heart_becter
D:5:      lemuel_ice_spiral_2, good_gods_temple_1, overflow_temple_1_default,
          kiku_gazebo_garden_becter, first_bread
D:6:      nicolae_dithmenos_shadow_blocks, serial_shops, shop, shop,
          uniq_sigmund, uniq_blork_the_orc
D:7:      lemuel_doored_altar, fedhas_bush_and_centaur_altar,
          lemuel_round_altar, trog_three_pillars_becter
D:8:      nicolae_overflow_crystal_walls, erik_lair_island, grunt_ogre_cave
D:9:      hangedman_abyss_or_decor_slice, hangedman_abyss_or_decor_passed,
          minmay_misc_feat_tiny, lightli_fourway_metalbox, uniq_joseph,
          uniq_pikel
Temple:   temple_of_Zot_ovaries

Action                   |  1- 3 |  4- 6 |  7- 9 | 10-12 || total
-------------------------+-------+-------+-------+-------++-------
Melee: Unarmed           |    85 |   198 |   267 |    54 ||   604
 Fire: Blowgun           |       |     1 |    48 |    24 ||    73
Throw: Tomahawk          |       |     5 |       |       ||     5
 Cast: Beastly Appendage |     6 |     9 |     7 |       ||    22
       Spider Form       |     1 |    14 |    26 |     9 ||    50
       Ice Form          |       |       |     1 |       ||     1
 Abil: End Transformatio |       |       |     2 |       ||     2
  Use: Scroll            |       |     9 |    12 |     2 ||    23
       Potion            |       |     1 |     2 |     2 ||     5
 Stab: Sleeping          |     3 |    10 |     3 |     3 ||    19
       Distracted        |     1 |     1 |     2 |     2 ||     6
  Eat: Chunk             |     9 |    23 |    23 |     8 ||    63
